[Event "III Menorca Open-A 2024"]
[Site "Ciutadella Menorca"]
[Date "2024.04.06"]
[Round "8.7"]
[White "Pranav Anand"]
[Black "Nihal Sarin"]
[Result "1-0"]
[ECO "C88"]
[WhiteElo "2519"]
[BlackElo "2698"]
[Annotator "TA"]
[PlyCount "197"]
[EventDate "2024.04.02"]
[EventType "swiss"]
[EventCountry "ESP"]
[SourceTitle "playchess.com"]
[Source "ChessBase"]
[SourceQuality "1"]
[TimeControl "5400+30"]

1. e4 e5 2. Nf3 Nc6 3. Bb5 a6 4. Ba4 Nf6 5. O-O Be7 6. Re1 b5 7. Bb3 O-O 8. a4 Rb8 9. axb5 axb5 10. c3 d6 11. h3 b4 12. d4 bxc3 13. bxc3 exd4 {[%emt 0:00:52] The position is equal.} 14. Nxd4 Bb7 15. Nf5 Ne5 16. Bc2 Re8 17. Bg5 h6 18. Bh4 Ng6 19. Bg3 Nd7 20. Nxe7+ Qxe7 21. Nd2 Qf6 22. Re3 Nc5 23. Qe1 Re7 24. Qe2 Bc6 25. Re1 Rbe8 26. Qh5 Qg5 27. Qd1 Qf6 28. Qh5 Re6 29. Bb1 R6e7 30. Bc2 Qg5 31. Qd1 h5 32. Nf3 Qh6 33. Qd4 h4 34. Bh2 (34. Bxd6 $5 Ne6 (34... cxd6 35. Qxd6 Bxe4 36. Qxc5 $14) 35. Qc4 cxd6 36. Qxc6 $11) 34... f6 ({Black should try} 34... Bxe4 $11 35. Bxd6 (35. Bxe4 Rxe4 36. Rxe4 Nxe4 $17) (35. Rxe4 $2 Nxe4 36. Rd1 Ng5 $19) 35... cxd6 36. Bxe4 Nxe4 37. Rxe4 Rxe4 38. Rxe4 Qc1+ 39. Kh2 Rxe4 40. Qxe4 Qxc3) 35. Bxd6 $1 $14 Ne6 ({Black should play} 35... cxd6 $14 36. Qxd6 Ba4 (36... Nxe4 $2 37. Qxc6 Kh8 38. Rxe4 $18) 37. Bxa4 Nxa4) 36. Qc4 $18 cxd6 37. Qxc6 Nef4 (37... Ne5 $16 38. Nxe5 (38. Qxd6 Nc4 $16) 38... dxe5) 38. Bb3+ Kh7 {[%emt 0:01:06] [#]} 39. Bf7 $1 Rd8 40. Bxg6+ Nxg6 41. Qd5 Rc7 42. Rd1 {[%emt 0:02:02] White is more active.} (42. Nd4 $142 {Ne6 is the strong threat.} Rc5 43. Qf7) 42... Rc5 $2 (42... Rdc8 $16 {might work better.}) 43. Qxc5 dxc5 44. Rxd8 Nf4 45. Kh2 c4 46. Rd4 Ne6 47. Rxc4 Qf4+ 48. Kg1 Nd8 49. Rc5 Ne6 (49... Nf7 $142 50. e5 Nxe5 51. Nxe5 fxe5 52. Rcxe5 Qf7) 50. Rh5+ Kg8 51. Rxh4 Qb8 52. e5 f5 53. Rb4 Qa7 54. Nd4 Nf4 55. Nxf5 Nd5 56. Rbe4 Nxe3 57. Rxe3 {[%emt 0:00:05][%mdl 4096] Endgame. Intending e6 and mate. KQ-KRN} Qf7 58. Nd4 (58. g4 $142 Qe6 59. Nd4 Qa6 60. e6 Qa1+ 61. Kg2 Qa8+ 62. Kh2 g6 63. e7) 58... Qd5 59. e6 Kf8 60. e7+ Ke8 61. h4 g6 62. g3 Qa5 63. Nf3 {[%emt 0:00:37] Hoping for Nd4.} Qd5 64. Kg2 Qc6 (64... Qb7 $142 65. Re6 Qb1) 65. Kg1 {[%emt 0:00:52] Black must now prevent Nd4.} Qd5 $1 66. Nd4 $2 (66. Ng5 $18) 66... Qb7 $2 (66... Qa5 $11 67. Re6 Qa2) 67. Re6 Qb1+ 68. Kh2 (68. Kg2 $142 Qd3 69. g4 (69. Re3 Qc4 $18) 69... Qd1 70. Rxg6 Kxe7 71. h5 Kf7 72. Nf3 Qe2 73. c4) 68... Qf1 69. Re2 ({Weaker is} 69. Rxg6 Qxf2+ 70. Kh3 Kxe7 $18) 69... Qb1 70. Kg2 Qb7+ 71. Nf3 (71. f3 $142 {White threatens Ne6 and mate.} Qb1 72. Re6) 71... Qc6 72. Re3 Qd5 73. g4 Qd7 74. Ne5 Qd1 75. c4 ({Not} 75. Nxg6 Qxg4+ 76. Rg3 Qe4+ 77. Kh2 Qc2 $11) 75... Qc2 76. Kg3 (76. Nf7 $142 Qd1 77. Re4 Qd7 78. c5 Kxf7 79. e8=Q+ (79. e8=R Qc6 $18) 79... Qxe8 80. Rxe8 Kxe8 81. h5) 76... Kxe7 77. Nxg6+ Kf6 78. Ne5 Kg7 79. g5 {[%emt 0:00:26] h5 would now be deadly.} Qc1 80. Kg2 {[%emt 0:00:26] Threatens to win with h5.} Qd1 81. Re4 Kh7 82. Nf3 Qc2 83. Rg4 (83. Rf4 $142 Qc1 84. Kg3 Qd1 85. Rd4 Qb1 86. h5 Qb8+ 87. Kg2 Kg8 88. h6) 83... Kg6 84. Kg3 Qf5 85. Rf4 Qc5 86. Rf6+ (86. Nd2 $142 Qb4 87. Nf1 Qd6 88. Ne3 Kh5 89. Nd5 Kg6 90. Kf3 Qd7 91. Rf6+ Kg7 92. Kg3) 86... Kg7 87. Rf4 Kg6 $1 88. Nd2 {[%emt 0:00:20] White mates.} Qd6 89. Ne4 Qd3+ 90. f3 Qxc4 {[%emt 0:01:03] [#]} 91. h5+ $1 Kg7 92. h6+ Kg6 93. Rf6+ Kh7 94. Rd6 Qc7 95. Kh4 Qb8 96. Kh5 Kh8 97. g6 Qe8 98. Ng5 Kg8 {[%emt 0:00:09] [#]} 99. Rd8 $3 {[%emt 0:01:26][%mdl 512] Weighted Error Value: White=0.15 (very precise) /Black=0.38.  Loses game:     	---       	Black=2      Mistake:       	White=2     	Black=5      Inaccurate:     	White=3     	Black=7      OK:         	White=29    	Black=18     Best:        	White=2     	Black=1      Strong:       	White=1     	Black=1} 1-0

[Event "III Menorca Open-A 2024"]
[Site "Ciutadella Menorca"]
[Date "2024.04.06"]
[Round "8.8"]
[White "Van Foreest, Jorden"]
[Black "Balakrishnan, Praveen"]
[Result "1-0"]
[ECO "B48"]
[WhiteElo "2672"]
[BlackElo "2500"]
[Annotator "TA"]
[PlyCount "109"]
[EventDate "2024.04.02"]
[EventType "swiss"]
[EventCountry "ESP"]
[SourceTitle "playchess.com"]
[Source "ChessBase"]
[SourceQuality "1"]
[TimeControl "5400+30"]

1. e4 c5 2. Nf3 e6 3. d4 cxd4 4. Nxd4 Nc6 5. Nc3 Qc7 6. Be3 a6 7. Bd3 Nf6 8. Qe2 b5 9. Nxc6 {[%emt 0:00:54] B48: Sicilian: Taimanov: 5 Nc3 Qc7 6 Be3 a6 without Be2.} Qxc6 10. e5 Nd5 $146 ({Predecessor:} 10... b4 11. exf6 bxc3 12. fxg7 Bxg7 13. b3 Bb7 14. f3 d5 15. O-O O-O 16. b4 e5 {½-½ Zhalmakhanov,R (2447)-Sevian,S (2698) FIDE Grand Swiss 2023 (5)}) 11. Be4 Bb4 12. Bd2 Bxc3 13. Bxc3 Bb7 14. Bb4 Qc4 15. Qxc4 bxc4 16. Bd6 f5 17. exf6 gxf6 18. O-O-O Kf7 19. Rd4 Rac8 20. Bf3 Rhg8 (20... h5 $142) 21. Rh4 $16 Rg7 22. Rd1 Ba8 23. g3 Nb6 24. Be2 Bd5 25. Bb4 Rc6 26. Bh5+ Kg8 27. Bc3 e5 28. f4 d6 $2 (28... e4 29. Re1 Re7) 29. Ba5 (29. a4 $142 Be6 30. fxe5 (30. Bf3 d5 $18) 30... Nxa4 31. exf6 (31. Rxd6 Rxd6 32. exd6 Nxc3 $18) 31... Nxc3 32. Re1 (32. bxc3 Rg5 $18) (32. fxg7 Nxd1 33. Kxd1 d5 $14) 32... Na2+ 33. Kd1 (33. Kb1 Nc3+ 34. Kc1 d5 $18)) 29... Bg2 $18 30. Rd2 Bh1 31. fxe5 fxe5 32. Bxb6 Rxb6 33. Rxc4 Rgb7 (33... Re7 $142 34. Rf2 Bd5 35. Rg4+ Rg7) 34. Rf2 Bd5 35. Rc8+ Kg7 36. b3 Be6 37. Ra8 (37. Re8 $18 d5 38. Kb2) 37... Rb8 38. Rxb8 Rxb8 39. c4 a5 40. Rd2 Rb6 41. Kc2 a4 (41... Kf6 $16) 42. Bf3 $18 ({Not} 42. bxa4 Bxc4 43. Kc3 d5 $11) 42... axb3+ 43. axb3 Ra6 (43... Kf6 {was worth a try.} 44. Kc3 Kf5) 44. Kc3 $18 Kf6 45. Bb7 Rb6 46. Be4 h6 47. b4 Ra6 48. Kb3 Ke7 $2 (48... Rb6 49. Ra2 h5) 49. b5 $18 Ra1 50. b6 Ra6 51. b7 Rb6+ 52. Kc3 Kd7 53. c5 Rb3+ 54. Kc2 Rb5 55. Rxd6+ 1-0

[Event "III Menorca Open-A 2024"]
[Site "Ciutadella Menorca"]
[Date "2024.04.06"]
[Round "8.9"]
[White "Aravindh, Chithambaram VR."]
[Black "Seemann, Jakub"]
[Result "1-0"]
[ECO "D02"]
[WhiteElo "2662"]
[BlackElo "2465"]
[Annotator "TA"]
[PlyCount "85"]
[EventDate "2024.04.02"]
[EventType "swiss"]
[EventCountry "ESP"]
[SourceTitle "playchess.com"]
[Source "ChessBase"]
[SourceQuality "1"]
[TimeControl "5400+30"]

1. d4 Nf6 2. Nf3 d5 3. Bf4 c5 4. e3 Nc6 5. Nbd2 Qb6 6. dxc5 Qxb2 7. Rb1 Qc3 8. Bb5 {[%emt 0:00:13] The position is equal.} g6 9. O-O Bg7 $1 10. Nd4 Bd7 ({Of course not} 10... Qxc5 $6 11. N2b3 Qb6 12. Na5 Qxa5 13. Nxc6 (13. Bxc6+ $2 {is the wrong capture.} bxc6 14. Be5 O-O $19) 13... bxc6 14. Bxc6+ Bd7 15. Bxa8 $16) 11. N2b3 O-O (11... Nxd4 {simplifies} 12. Qxd4 Qxd4 13. Nxd4 O-O) 12. Ne2 $36 {[%emt 0:00:18][%mdl 2048] Black is under pressure.} Qb4 13. a4 {[%emt 0:00:08] c3 would now be deadly.} Ne4 14. f3 Nc3 15. Nxc3 Qxc3 16. Qxd5 Rfd8 {[%emt 0:11:29][%cal Oa7a6] Hoping for ...a6!} 17. Qd3 Bf5 18. Qxc3 Bxc3 19. Bxc6 bxc6 20. e4 Be6 21. Kf2 Rd7 22. Rfd1 Rad8 23. Rxd7 {[%emt 0:00:38] White leaves nothing to chance now.} Rxd7 24. Nc1 $1 f6 (24... Bc4 $14) 25. Ne2 $1 $16 Ba5 26. Be3 {[%emt 0:00:07] aiming for Nd4.} Bc4 27. Nd4 Rc7 28. f4 {[%emt 0:00:59][%cal Bf3f4,Bf4f5][%mdl 32] White is more active.} Bc3 29. Ne2 Ba5 30. f5 Kf7 31. Rb8 g5 {[%emt 0:03:57] [#]} 32. h4 h6 (32... gxh4 $16 {might work better.} 33. Rh8 Kg7) 33. Nd4 Bc3 34. hxg5 hxg5 {[%emt 0:00:10] [#]} 35. e5 $1 fxe5 36. Nf3 Bd5 37. Nxg5+ Kf6 38. g4 {[%emt 0:00:25] Threatens to win with Rh8.} Rd7 (38... Kg7 {is a better defense.} 39. Ke2 Bc4+ 40. Kf3 Bd5+ 41. Kf2 a5) 39. Rh8 $18 e4 $2 (39... Kg7 40. Rh7+ Kf8 41. Ne6+ (41. f6 Bg8 $18) 41... Kg8 42. Rg7+ Kh8) 40. Rh6+ Ke5 41. Rh7 Bg8 42. Rg7 Bc4 43. Nh7 {[%emt 0:00:33] Weighted Error Value: White=0.10 (very precise) /Black=0.24 (precise) .  Mistake:       	White=1     	Black=4      Inaccurate:     	White=2     	Black=4      OK:         	White=20    	Black=14     Best:        	White=1     	---        Strong:       	White=2     	Black=1      Brilliant:      	White=1     	---} 1-0

[Event "III Menorca Open-A 2024"]
[Site "Ciutadella Menorca"]
[Date "2024.04.06"]
[Round "8.10"]
[White "Sokolovsky, Yahli"]
[Black "Murzin, Volodar"]
[Result "1/2-1/2"]
[ECO "B92"]
[WhiteElo "2490"]
[BlackElo "2632"]
[Annotator "TA"]
[PlyCount "45"]
[EventDate "2024.04.02"]
[EventType "swiss"]
[EventCountry "ESP"]
[SourceTitle "playchess.com"]
[Source "ChessBase"]
[SourceQuality "1"]
[TimeControl "5400+30"]

1. e4 c5 2. Nf3 d6 3. d4 cxd4 4. Nxd4 Nf6 5. Nc3 a6 6. Be2 e5 7. Nb3 Be7 8. O-O O-O 9. Qd3 Be6 10. Bd2 Nbd7 11. Nd5 Bxd5 12. exd5 {[%emt 0:00:04] The position is equal.} Qc7 13. c4 a5 14. a4 b6 15. Qh3 Nc5 16. Nxc5 bxc5 17. Rae1 Qd7 18. Qxd7 Nxd7 19. Bd1 {[%emt 0:00:50] Black is weak on the light squares} g6 20. g4 Rfb8 21. b3 g5 22. Kg2 Nf8 {[%emt 0:11:20] [#]} (22... Re8 $14) 23. h4 $1 {[%emt 0:12:00][%mdl 512] Weighted Error Value: White=0.07 (flawless) /Black=0.15 (very precise) .  Mistake:       	---       	Black=1      Inaccurate:     	White=1     	Black=1      OK:         	White=3     	Black=4      Best:        	White=1     	---        Brilliant:      	White=1     	---} 1/2-1/2

[Event "III Menorca Open-A 2024"]
[Site "Ciutadella Menorca"]
[Date "2024.04.06"]
[Round "8.11"]
[White "Szpar, Milosz"]
[Black "Karthik Venkataraman"]
[Result "1-0"]
[ECO "C77"]
[WhiteElo "2495"]
[BlackElo "2609"]
[Annotator "TA"]
[PlyCount "55"]
[EventDate "2024.04.02"]
[EventType "swiss"]
[EventCountry "ESP"]
[SourceTitle "playchess.com"]
[Source "ChessBase"]
[SourceQuality "1"]
[TimeControl "5400+30"]

1. e4 e5 2. Nf3 Nc6 3. Bb5 a6 4. Ba4 Nf6 5. O-O Bc5 6. Nc3 b5 7. Bb3 d6 8. Nd5 h6 9. c3 Rb8 {[%emt 0:11:49] White is slightly better.} 10. d4 Ba7 11. Be3 exd4 12. Nxd4 Nxd4 13. cxd4 {[%emt 0:09:38] Nb4 would now be deadly.} Bb7 14. Nxf6+ Qxf6 15. Rc1 Rc8 {[%emt 0:01:22] [#]} (15... O-O $11) 16. Qg4 $1 $16 {[%emt 0:02:13][%cal Oe4e5] e5! is the strong threat.} h5 {[%emt 0:05:58] [#]} 17. Qh3 {[%emt 0:03:32][%cal Oe4e5] aiming for e5! White has more active pieces.} g5 $2 {[%emt 0:28:01] [#] A mistake that costs the game.} (17... Bxd4 18. Bd5 c6 19. Bxd4 Qxd4 20. Rfd1 Qxb2 21. Bxc6+ (21. Bxf7+ Kxf7 22. Qd7+ Kg8 $11) 21... Rxc6 22. Rxc6 Bxc6 23. Qc8+ (23. Rxd6 $2 Qc1+) 23... Ke7 24. Qxh8) (17... O-O $16) 18. e5 $1 $18 g4 19. Qg3 (19. exf6 gxh3 20. Rfe1 O-O) 19... Qg6 {[%emt 0:00:20] [#]} 20. Rxc7 $3 Rxc7 21. exd6 {[%emt 0:00:07] Qe5+ would kill now.} Rc6 $2 (21... Rc8 $2 22. Qe5+ $18) (21... Kd7) 22. Qe5+ Kd7 23. Qe7+ (23. Qxh8 Rc8 24. Qe5 Re8 $16) 23... Kc8 24. d7+ (24. Qxf7 $2 Qxf7 (24... Rxd6 $2 25. Qf4 $19) (24... Qxd6 $2 25. Qf5+ Qd7 26. Qe5 $19) 25. Bxf7 Rxd6 $19) 24... Kb8 25. Qe5+ (25. d8=R+ Rxd8 26. Qxd8+ Rc8 $18) 25... Rd6 26. Qxh8+ Kc7 27. Bf4 (27. Qe8 $142 Rxd7 28. Bf4+ Qd6 29. Rc1+ (29. Bxd6+ Rxd6 30. Rc1+ Kb6 $18) 29... Bc5 30. Bxd6+ Rxd6 31. dxc5 (31. Rxc5+ Kb6 32. Qe7 Rxd4 33. Qc7+ Ka7 34. Rd5 f6 35. Rxd4 g3 36. Bd5 gxf2+ 37. Kf1 f5 38. Qxb7#) 31... Rd8 32. Qe5+ (32. Qxf7+ Rd7 33. Qf4+ Kc8 34. Be6 Kd8 35. Bxd7 Kxd7 36. Qd6+ Kc8 37. Re1 Be4 38. Rxe4 Kb7 39. Re7+ Kc8 40. Qc7#) 32... Kc6 33. Qf6+ (33. Bxf7 b4 34. Qf6+ Kc7 35. Qb6+ Kb8 36. c6 Rd7 37. cxd7 Ka8 38. d8=Q+ Bc8 39. Rxc8#) 33... Kc7 34. Qb6+ (34. Bxf7 Bc6 35. Bxh5 Rd5 36. Bxg4 a5 37. Bf3 Be8 38. Bxd5 Bd7 39. Qb6+ Kc8 40. Bb7+ Kb8 41. Ba6+ Ka8 42. Qb7#) 34... Kc8 35. Bxf7 (35. c6 Ba8 36. Re1 Bxc6 37. Qxc6+ Kb8 38. Re7 Rd7 39. Qxd7 h4 40. Re8#)) 27... Kxd7 28. Re1 {[%emt 0:18:24] Weighted Error Value: White=0.07 (flawless) /Black=0.58.  Mistake:       	---       	Black=3      Inaccurate:     	White=3     	Black=1      OK:         	White=6     	Black=4      Best:        	White=4     	Black=1      Strong:       	White=1     	---} 1-0

[Event "III Menorca Open-A 2024"]
[Site "Ciutadella Menorca"]
[Date "2024.04.06"]
[Round "8.12"]
[White "Xiao, Tong(Qd)"]
[Black "Albornoz Cabrera, Carlos Daniel"]
[Result "1/2-1/2"]
[ECO "B90"]
[WhiteElo "2484"]
[BlackElo "2603"]
[Annotator "TA"]
[PlyCount "64"]
[EventDate "2024.04.02"]
[EventType "swiss"]
[EventCountry "ESP"]
[SourceTitle "playchess.com"]
[Source "ChessBase"]
[SourceQuality "1"]
[TimeControl "5400+30"]

1. e4 c5 2. Nf3 d6 3. d4 cxd4 4. Nxd4 Nf6 5. Nc3 a6 6. Rg1 Nc6 7. g4 h6 8. Be3 Nxd4 9. Bxd4 e5 10. Be3 Be6 11. h4 d5 12. exd5 Nxd5 13. Nxd5 Qxd5 14. Qxd5 Bxd5 15. Bg2 Bxg2 16. Rxg2 h5 17. g5 f5 18. gxf6 gxf6 19. c4 Rc8 20. Rc1 Kf7 21. Ke2 Be7 22. b3 Rhg8 23. Rxg8 Rxg8 $11 {[%emt 0:00:06][%mdl 4096] Endgame. KRB-KRB} 24. c5 Rc8 25. b4 {[%emt 0:02:45] The position is equal.} f5 26. f4 e4 27. a4 Rg8 28. b5 axb5 $1 29. axb5 Rg2+ 30. Kf1 Rb2 31. c6 bxc6 32. bxc6 {[%emt 0:00:05] [#] White threatens c7 and mate.} Rb8 $1 {[%emt 0:00:03] Weighted Error Value: White=0.05 (flawless) /Black=0.05 (flawless) .  Inaccurate:     	---       	Black=2      OK:         	White=13    	Black=12     Strong:       	---       	Black=2} 1/2-1/2

[Event "III Menorca Open-A 2024"]
[Site "Ciutadella Menorca"]
[Date "2024.04.06"]
[Round "8.13"]
[White "Pranav Vijay"]
[Black "Lamard, Guillaume"]
[Result "1-0"]
[ECO "C00"]
[WhiteElo "2252"]
[BlackElo "2495"]
[Annotator "RC"]
[PlyCount "145"]
[EventDate "2024.04.02"]
[EventType "swiss"]
[EventCountry "ESP"]
[SourceTitle "playchess.com"]
[Source "ChessBase"]
[SourceQuality "1"]
[TimeControl "5400+30"]

1. Nf3 d5 2. g3 e6 3. Bg2 Nf6 4. O-O Be7 5. d3 O-O 6. Nbd2 c5 7. e4 Nc6 8. Re1 h6 9. e5 Nd7 10. Nf1 b6 11. h4 f6 12. exf6 Nxf6 13. Bf4 Ng4 14. c3 Rxf4 15. gxf4 Qf8 16. Qa4 Bd7 17. f5 Nge5 18. Nxe5 Nxe5 19. Qd1 Qxf5 20. Ne3 Qf4 21. Nxd5 exd5 22. Bxd5+ Kh8 23. Bxa8 Bxh4 24. Qh5 Bxf2+ 25. Kh1 Bxe1 26. Rxe1 Nf7 27. Qh2 Qf6 28. Qb8+ Kh7 29. Be4+ Bf5 30. Qf4 Bxe4+ 31. Qxe4+ Kg8 32. d4 cxd4 33. cxd4 Ng5 34. Qd5+ Kh7 35. Kg2 Qf4 36. Rf1 Qg4+ 37. Kf2 h5 38. Ke3 Qg3+ 39. Kd2 h4 40. Qf5+ Kh6 41. Rf4 Kh5 42. Qf8 h3 43. Qe8+ Kh6 44. Qe3 Qg2+ 45. Kd3 Qc6 46. Qe5 Qg6+ 47. Ke3 Qc6 48. d5 Qc1+ 49. Kd3 Qd1+ 50. Kc3 Qc1+ 51. Kb3 Qd1+ 52. Ka3 Qd3+ 53. b3 Qd2 54. Rh4+ Kg6 55. Qe8+ Kf6 56. Qc6+ Kf5 57. d6 Qa5+ 58. Ra4 Qd2 59. d7 h2 60. Rh4 Ne6 61. Qf3+ Kg6 62. Qh5+ Kf6 63. Rxh2 Qd6+ 64. Kb2 Qd4+ 65. Kb1 Qd3+ 66. Rc2 g6 67. Qh8+ Kf5 68. Qc3 Qxd7 69. Rf2+ Kg4 70. Qf3+ Kg5 71. Qf6+ Kh5 72. Rh2+ Kg4 73. Rg2+ 1-0

[Event "III Menorca Open-A 2024"]
[Site "Ciutadella Menorca"]
[Date "2024.04.06"]
[Round "8.14"]
[White "Idani, Pouya"]
[Black "Mamedov, Edgar"]
[Result "1-0"]
[ECO "C70"]
[WhiteElo "2609"]
[BlackElo "2317"]
[Annotator "TA"]
[PlyCount "79"]
[EventDate "2024.04.02"]
[EventType "swiss"]
[EventCountry "ESP"]
[SourceTitle "playchess.com"]
[Source "ChessBase"]
[SourceQuality "1"]
[TimeControl "5400+30"]

1. e4 e5 2. Nf3 Nc6 3. Bb5 a6 4. Ba4 Bc5 5. c3 Nge7 6. d4 exd4 7. cxd4 Bb4+ 8. Bd2 {[%emt 0:00:40] White is slightly better.} Bxd2+ 9. Qxd2 d5 10. exd5 Qxd5 11. O-O O-O 12. Nc3 Qd6 13. d5 Ne5 14. Nxe5 Qxe5 15. Rfe1 Qd6 16. Rad1 b5 17. Bb3 {[%emt 0:05:33] Threatens to win with Ne4.} (17. Ne4 $5 Qxd5 18. Qb4 $14) 17... Bf5 18. Qg5 Rfe8 19. Re3 ({Wrong is} 19. Rxe7 $2 Qxe7 20. Qc1 (20. Qxf5 $2 Qe1+ 21. Rxe1 Rxe1#) 20... Rad8 $19) 19... h6 20. Qh5 Bg6 21. Qe2 Qd7 22. g4 {[%emt 0:03:31] Repels Nf5} Kh8 23. f4 f5 24. g5 Nc8 (24... Ng8 $11 {remains equal.}) 25. Rxe8+ Qxe8 26. gxh6 {[%emt 0:02:40] aiming for Qe5. White is much more active.} gxh6 (26... Nd6 $142) 27. Qe5+ $16 Qxe5 28. fxe5 {[%emt 0:00:05] d6 is the strong threat.} Kg7 $2 {[%emt 0:05:04] [#] This move loses the game for Black.} (28... Bh5 $16 {was called for.}) 29. Rc1 $18 Ne7 (29... Ra7 $142 30. Kf2 c5 31. dxc6 Re7) 30. Ne2 Rc8 31. Nf4 Bf7 32. Kf2 Kf8 33. Ke3 a5 34. Rc5 a4 35. Bd1 Rd8 36. Bf3 {[%emt 0:00:40] White is clearly winning.} ({Not} 36. Rxb5 Nxd5+ 37. Nxd5 Bxd5 $11) ({Worse is} 36. Rxc7 Rxd5 37. Bf3 Rxe5+ 38. Kd4 Re1 $11) 36... b4 37. e6 Be8 38. Rxc7 a3 39. bxa3 bxa3 40. Ra7 {[%emt 0:01:12] Weighted Error Value: White=0.07 (flawless) /Black=0.27 (precise) .  Loses game:     	---       	Black=1      Mistake:       	---       	Black=3      Inaccurate:     	White=1     	Black=1      OK:         	White=20    	Black=15     Best:        	---       	Black=1} 1-0

[Event "III Menorca Open-A 2024"]
[Site "Ciutadella Menorca"]
[Date "2024.04.06"]
[Round "8.15"]
[White "Macias Pino, Diego"]
[Black "Sosa, Tomas"]
[Result "0-1"]
[ECO "C54"]
[WhiteElo "2478"]
[BlackElo "2562"]
[Annotator "TA"]
[PlyCount "74"]
[EventDate "2024.04.02"]
[EventType "swiss"]
[EventCountry "ESP"]
[SourceTitle "playchess.com"]
[Source "ChessBase"]
[SourceQuality "1"]
[TimeControl "5400+30"]

1. e4 e5 2. Nf3 Nc6 3. Bc4 Bc5 4. d3 Nf6 5. c3 d6 6. O-O a6 7. a4 {[%emt 0:00:59] C54: Giuoco Piano: 4 c3 Nf6, main lines with 5 d4 and 5 d3.} Ba7 8. Re1 {[%emt 0:01:43] The main line 8.Re1 scores better than 8.Nbd2.} Ng4 9. Re2 Qf6 10. b4 Qg6 11. Nbd2 f5 $146 ({Predecessor:} 11... O-O 12. Nf1 Be6 13. Bb3 f5 14. exf5 Rxf5 15. d4 Bxb3 16. Qxb3+ Kh8 17. Qc2 Qf7 {1-0 Brodsky,D (2428)-Swiercz,D (2670) US Masters op 2019 (2)}) 12. exf5 Bxf5 13. d4 O-O-O 14. h3 d5 15. Nh4 (15. hxg4 $16 Bc2) 15... Qh5 $1 $11 16. Nxf5 (16. hxg4 $2 Bxg4 (16... Qxh4 17. gxf5 dxc4 18. b5 $14) 17. Ndf3 e4 $19 (17... dxc4 $2 18. b5 $19)) 16... Nxf2 $1 17. Qf1 (17. Nxg7 $2 Nxd1 18. Nxh5 Nxc3 $19 (18... dxc4 $2 19. Nxc4 Nxc3 20. Rd2 $19)) 17... exd4 $2 (17... Nxh3+ $11 {and Black stays safe.} 18. gxh3 dxc4 19. Nxc4 (19. Nxg7 $2 Rhg8 $17) 19... exd4) 18. Rxf2 $18 (18. Nxg7 $2 Qg6 19. Rxf2 dxc3 $19 (19... Qxg7 20. Rf7 $11) (19... dxc4 20. Nxc4 dxc3 21. Be3 $15)) (18. Qxf2 $2 dxc3 19. Bd3 (19. Nxg7 $2 Bxf2+ 20. Rxf2 Qe5 $19) (19. Ne7+ $2 Kb8 $19) 19... Bxf2+ $19) 18... dxc3 19. Be2 $1 (19. Nxg7 $2 Qg6 (19... Bxf2+ $2 20. Qxf2 cxd2 21. Nxh5 $17) 20. Bd3 Qxg7 $19 (20... Bxf2+ $2 21. Qxf2 Qxd3 22. Nf3 $19)) (19. Bd3 $6 Rhf8 20. g4 (20. Nxg7 $2 Bxf2+ 21. Kh1 Qe5 $19) (20. b5 Ne5 $17) 20... Bxf2+ 21. Kxf2 Qf7 $16 (21... Qh4+ $2 22. Kg2 $18)) 19... Qg6 20. Nb3 Bxf2+ (20... Qxf5 $2 21. Bg4 $18) (20... Kb8 $142 21. Be3 d4) 21. Qxf2 $18 Rhf8 22. Bd3 Kb8 23. Qc5 Ne5 24. Bc2 (24. Qxc3 Nxd3 25. Qxd3 Qxf5 26. Qxf5 Rxf5 $16) (24. Bb1 $18) 24... Nf3+ $16 {[%emt 0:01:31] [#]} 25. Kh1 $1 Ne1 {[%emt 0:00:16] [#]} 26. g4 $2 (26. Bg5 $1 $16 {is forced if you want to stay better.} Rde8 (26... Nxc2 27. Bxd8) 27. Rxe1 (27. Qxc3 $2 Nxc2 28. Qxc2 Rxf5 $19) 27... Rxe1+ 28. Kh2 Rxf5 29. Bf4) 26... Nxc2 $19 27. Bf4 Nxa1 28. Bxc7+ Ka8 29. Bxd8 Rxd8 30. Nxa1 d4 31. Nb3 Qe8 ({Stronger than} 31... b6 32. Qc7 Qe8 33. Qxb6 Qe4+ 34. Kh2 Qe5+ 35. Kg1 Qe1+ 36. Kg2 Qe2+ 37. Kg3 Qe5+ 38. Kh4 Qe1+ 39. Kh5 Qe8+ 40. Kh4 $11) 32. Nfxd4 Rc8 ({Not} 32... Qxa4 33. Qxc3 Qd7 34. Nf3 $17) 33. Qf5 c2 34. Nc1 g6 35. Qf2 Qxa4 36. Qd2 Rc4 37. Ne6 (37. Ndb3 $142) 37... Qc6+ 0-1